 Dungeon Sprint DCSS version 0.22-a0-32-ga749362 (webtiles) character file.

5062 Faca the Protected (level 10, -24/91 HPs)
             Began as a Demigod Fighter on Jan 3, 2018.
             Annihilated by an orc knight
             ... wielding a +0 great sword
              (30 damage)
             ... in the Dungeon (Sprint IX: "|||||||||||||||||||||||||||||").
             The game lasted 00:08:04 (2170 turns).

Faca the Protected (Demigod Fighter)                Turns: 2170, Time: 00:08:04

Health: -24/91     AC: 22    Str: 21    XL:     10   Next: 10%
Magic:  13/13      EV:  8    Int: 12    God:
Gold:   654        SH: 13    Dex: 22    Spells: 9/9 levels left

rFire    + . .     SeeInvis .   o - +2 rapier (elec)
rCold    . . .     Gourm    .   c - +0 shield
rNeg     . . .     Faith    .   a - +3 chain mail {rF+}
rPois    .         Spirit   .   r - +0 helmet
rElec    .         Reflect  .   h - +0 cloak
rCorr    .         Harm     .   q - +0 pair of gloves
MR       +....     NoTele   +   (no boots)
Stlth    ..........             (no amulet)
HPRegen  0.25/turn              t - +3 ring of dexterity
MPRegen  0.13/turn              u - +2 ring of protection

@: no status effects
A: high mp 1
a: no special abilities


You were in the Dungeon.
You were not hungry.

You visited 1 branch You collected 654 gold pieces.

Inventory:

Hand Weapons
 o - a +2 rapier of electrocution (weapon)
 p - a +2 scimitar of holy wrath
Armour
 a - a +3 chain mail of fire resistance (worn)
 c - a +0 shield (worn)
 h - a +0 cloak (worn)
 q - a +0 pair of gloves (worn)
 r - a +0 helmet (worn)
Jewellery
 t - a +3 ring of dexterity (left hand)
 u - a +2 ring of protection (right hand)
Wands
 n - a wand of iceblast (10)
Scrolls
 k - 2 scrolls of blinking
 l - 4 scrolls of remove curse
 m - 2 scrolls of fear
 s - a scroll of fog
 v - a scroll of identify
Potions
 d - a potion of invisibility
 e - 6 potions of curing
 g - a potion of brilliance
 i - 4 potions of magic
Comestibles
 f - 10 rations


   Skills:
 + Level 9.6 Fighting
 + Level 9.7(11.0) Short Blades
 + Level 8.5(10.4) Long Blades
 + Level 12.1 Armour
 - Level 0.4 Dodging
 - Level 0.7 Stealth
 + Level 11.7 Shields


You had 9 spell levels left.
You didn't know any spells.

Dungeon Overview and Level Annotations

Branches:
Dungeon (1/1)


Innate Abilities, Weirdness & Mutations

You have an increased reservoir of magic. (+10% MP)


Message History

Lightning courses through the orc knight!
The orc knight is heavily wounded.
The orc knight hits you with a great sword!!
* * * LOW HITPOINT WARNING * * *
You barely miss the orc knight.
The orc knight is heavily wounded.
You hit the orc knight.
Lightning courses through the orc knight!
The orc knight is almost dead.
The orc knight roars a battlecry!
The orc knight goes into a battle-frenzy!
You completely miss the orc knight.
The orc knight is almost dead.
The orc knight barely misses you.
You hit the orc knight.
The orc knight is almost dead.
You barely miss the orc knight.
The orc knight is almost dead.
The orc knight hits you with a great sword!!
You die...

▓.▓.▓.▓.▓'▓
▓.▓.▓.▓.▓.▓
▓.▓.▓.▓.▓.▓
▓o▓.▓'▓.▓.▓
▓o▓.▓.▓.▓.▓
▓.▓.▓.▓.▓.▓
▓.▓.▓.▓.▓)▓
▓o▓.▓.▓.▓.▓
▓.▓@▓.▓.▓.▓
▓o▓o▓.▓.▓.▓
▓.oo▓...▓<▓
▓▓▓▓▓▓▓▓▓▓▓


You could see 3 orc knights.

Vanquished Creatures
  A black mamba (D)
  A spiny frog (D)
  2 komodo dragons (D)
  2 trolls (D)
  4 polar bears (D)
  A blink frog (D)
  A hippogriff (D)
  A wyvern (D)
  An acid dragon (D)
  A porcupine (D)
  A water moccasin (D)
  3 orc warriors (D)
  4 black bears (D)
  An ogre (D)
  A centaur (D)
  7 crocodiles (D)
  6 bullfrogs (D)
  A scorpion (D)
  4 orc priests (D)
  An orc wizard (D)
  2 shadow imps (D)
  An adder zombie (D)
  A leopard gecko (D)
  8 orcs (D)
  A ball python (D)
  A goblin (D)
  A hobgoblin (D)
  2 rats (D)
61 creatures vanquished.

Notes
Turn   | Place    | Note
-------+----------+-------------------------------------------
     0 | D        | Faca the Demigod Fighter began the quest for the Orb.
     0 | D        | Reached XP level 1. HP: 18/18 MP: 3/3
    14 | D        | Reached skill level 3 in Armour
   247 | D        | Noticed a scorpion
   251 | D        | Killed a scorpion
   251 | D        | Reached skill level 4 in Armour
   251 | D        | Reached XP level 2. HP: 28/28 MP: 4/4
   251 | D        | Reached XP level 3. HP: 34/34 MP: 5/5
   267 | D        | Found a roughly hewn altar of Beogh.
   267 | D        | Found a snail-covered altar of Cheibriados.
   267 | D        | Found a shadowy altar of Dithmenos.
   267 | D        | Found a white marble altar of Elyvilon.
   267 | D        | Found a blossoming altar of Fedhas.
   267 | D        | Found an opulent altar of Gozag.
   268 | D        | Found a hazy altar of Hepliaklqana.
   269 | D        | Found a viscous altar of Jiyva.
   270 | D        | Found an ancient bone altar of Kikubaaqudgha.
   271 | D        | Found a corrupted altar of Lugonu.
   272 | D        | Found a burning altar of Makhleb.
   273 | D        | Found a sparkling altar of Nemelex Xobeh.
   274 | D        | Found an iron altar of Okawaru.
   275 | D        | Found a stormy altar of Qazlal.
   276 | D        | Found a sacrificial altar of Ru.
   277 | D        | Found a deep blue altar of Sif Muna.
   278 | D        | Found a bloodstained altar of Trog.
   279 | D        | Found a hide-covered altar of Uskayaw.
   280 | D        | Found a radiant altar of Vehumet.
   281 | D        | Found an ornate altar of the Wu Jian Council.
   282 | D        | Found a shimmering altar of Xom.
   283 | D        | Found a basalt altar of Yredelemnul.
   284 | D        | Found a glowing silver altar of Zin.
   285 | D        | Found a glowing golden altar of the Shining One.
   339 | D        | Noticed an orc warrior
   339 | D        | Noticed a bullfrog
   339 | D        | Noticed a wyvern
   339 | D        | Noticed a bullfrog
   339 | D        | Noticed a bullfrog
   347 | D        | Killed a bullfrog
   347 | D        | Reached skill level 5 in Fighting
   347 | D        | Reached skill level 5 in Armour
   347 | D        | Reached skill level 5 in Shields
   347 | D        | Reached XP level 4. HP: 33/42 MP: 6/6
   354 | D        | Killed a bullfrog
   354 | D        | Reached skill level 5 in Long Blades
   354 | D        | Reached skill level 6 in Armour
   354 | D        | Reached XP level 5. HP: 35/50 MP: 7/7
   363 | D        | Killed a wyvern
   363 | D        | Reached XP level 6. HP: 25/58 MP: 8/8
   372 | D        | Reached skill level 1 in Short Blades
   372 | D        | Reached skill level 7 in Armour
   543 | D        | Noticed a troll
   543 | D        | Noticed an acid dragon
   543 | D        | Noticed a troll
   558 | D        | Killed a troll
   558 | D        | Reached skill level 8 in Armour
   558 | D        | Reached XP level 7. HP: 27/66 MP: 9/9
   574 | D        | Killed a troll
   574 | D        | Reached skill level 9 in Armour
   582 | D        | Reached XP level 8. HP: 7/74 MP: 10/10
   583 | D        | HP: 3/111 [ogre/giant spiked club (5)]
  1010 | D        | Noticed a komodo dragon
  1010 | D        | Noticed a black mamba
  1010 | D        | Noticed a blink frog
  1010 | D        | Noticed a hippogriff
  1018 | D        | Killed a hippogriff
  1025 | D        | Killed a black mamba
  1025 | D        | Reached skill level 10 in Armour
  1030 | D        | HP: 3/74 [komodo dragon (13)]
  1042 | D        | Killed a komodo dragon
  1042 | D        | Reached skill level 5 in Short Blades
  1042 | D        | Reached skill level 10 in Shields
  1069 | D        | Reached XP level 9. HP: 44/82 MP: 11/11
  1075 | D        | Reached skill level 11 in Armour
  1244 | D        | Noticed a spiny frog
  1255 | D        | Killed a spiny frog
  1265 | D        | Noticed a komodo dragon
  1300 | D        | Killed a komodo dragon
  1609 | D        | Reached skill level 12 in Armour
  1609 | D        | Reached XP level 10. HP: 79/91 MP: 13/13
  2117 | D        | Noticed an orc knight
  2117 | D        | Noticed an orc knight
  2117 | D        | Noticed an orc knight
  2170 | D        | Annihilated by an orc knight

Vault maps used:
D:        linesprint

Skill      XL: |  1  2  3  4  5  6  7  8  9 |
---------------+----------------------------+-----
Fighting       | 4 5 6 7 8 9 |  9.6
Armour         | 4 5 6 8 9 10 12 | 12.1
Shields        | 4 5 6 8 9 10 11 | 11.7
Long Blades    | 3 4 5 6 7 8 |  8.5
Short Blades   | 1 3 6 9 |  9.7
Dodging        | |  0.4
Stealth        | |  0.7

Action                   |  1- 3 |  4- 6 |  7- 9 | 10-12 || total
-------------------------+-------+-------+-------+-------++-------
Melee: Long sword        |    40 |       |       |       ||    40
       Scimitar          |     8 |       |       |       ||     8
       Rapier            |       |    40 |   170 |    80 ||   290
  Use: Potion            |     1 |     3 |     8 |     1 ||    13
       Scroll            |       |       |     2 |       ||     2
  Eat: Ration            |       |       |     1 |       ||     1
       Chunk             |       |       |       |     1 ||     1
Armor: Scale mail        |    11 |       |       |       ||    11
       Chain mail        |     7 |    20 |    63 |    11 ||   101
Dodge: Dodged            |    12 |    13 |    34 |    13 ||    72
Block: Shield            |    26 |    28 |    80 |    17 ||   151

Table legend:
 A = Spawn XP
 B = Non-spawn XP
 C = Spawn XP percentage of total XP
 D = Spawn monster count
 E = Non-spawn monster count
 F = Spawn count percentage of total count
 G = Total turns spent on level
                    A         B        C        D         E        F      G
               +---------+---------+-------+---------+---------+-------+---------
         Total |       0 |    7232 |   0.0 |       0 |      61 |   0.0 |  2170
               +---------+---------+-------+---------+---------+-------+---------
             D |       0 |    7232 |   0.0 |       0 |      61 |   0.0 |  2170
               +---------+---------+-------+---------+---------+-------+---------
